 Dungeon Crawl Stone Soup version 0.29.1-2-gbd0b4ee654 (webtiles) character file.

Game seed: 8206273949676962559

4133 GorkyZ the Trooper (level 10, -8/77 HPs)
             Began as a Demonspawn Fighter on Nov 19, 2022.
             Was an Initiate of Gozag.
             Mangled by a two-headed ogre
             ... wielding a +0 giant spiked club
              (14 damage)
             ... on level 8 of the Dungeon.
             The game lasted 00:28:55 (8914 turns).

GorkyZ the Trooper (Demonspawn Fighter)             Turns: 8914, Time: 00:28:56

Health: -8/77      AC: 12    Str: 20    XL:     10   Next: 6%
Magic:  10/10      EV:  6    Int:  8    God:    Gozag
Gold:   793        SH:  8    Dex: 23    Spells: 9/9 levels left

rFire   . . .      SeeInvis .   C - +0 morningstar (vamp)
rCold   . . .      Faith    .   c - +1 buckler
rNeg    . . .      Spirit   .   K - +0 plate armour
rPois   .          Reflect  .   (helmet restricted)
rElec   .          Harm     .   (no cloak)
rCorr   .          Rampage  .   (no gloves)
Will    .....                   (no boots)
Stlth   ..........              r - amulet of the acrobat
HPRegen 0.22/turn               q - +6 ring of dexterity
MPRegen 0.12/turn               (no ring)

@: unable to read
A: claws 1, hooves 1, horns 2, spiny 2, agile 1, inability to read after injury
1
a: Renounce Religion, Potion Petition, Call Merchant, Bribe Branch


You were on level 8 of the Dungeon.
You worshipped Gozag.
Gozag was pleased with you.
You visited 2 branches of the dungeon, and saw 9 of its levels.

You collected 931 gold pieces.
You paid 138 gold pieces to Gozag.

Inventory:

Hand Weapons
 a - a +0 flail
 e - a +0 whip of venom
 z - a +2 whip of freezing
 C - a +0 vampiric morningstar (weapon)
Missiles
 o - 22 poisoned darts (quivered)
 D - 3 boomerangs
 H - 5 javelins
Armour
 b - a +0 scale mail
 c - a +1 buckler (worn)
 g - a +0 hat
 i - a +0 helmet
 l - an orb of light
 K - a +0 plate armour (worn)
Jewellery
 n - an amulet of reflection
 q - a +6 ring of dexterity (left claw)
 r - an amulet of the acrobat (around neck)
 s - a ring of magical power
Wands
 j - a wand of mindburst (9)
 y - a wand of flame (7)
 E - a wand of light (26)
Scrolls
 h - 3 scrolls of teleportation
 k - 3 scrolls of amnesia
 p - 4 scrolls of magic mapping
 t - a scroll of noise
 u - 2 scrolls of fear
 A - a scroll of summoning
 G - 2 scrolls of enchant armour
 I - a scroll of immolation
 J - 2 scrolls of identify
Potions
 d - a potion of might
 f - 2 potions of curing
 m - 2 potions of invisibility
 v - a potion of lignification
 w - a potion of resistance
 x - 2 potions of cancellation
 B - a potion of heal wounds
 F - a potion of berserk rage


   Skills:
 + Level 6.9 Fighting
 + Level 5.8 Maces & Flails
 + Level 4.6 Throwing
 + Level 6.4 Armour
 + Level 6.2 Shields
 + Level 5.3 Evocations


You had 9 spell levels left.
You didn't know any spells.
Your spell library contained the following spells:

 Spells                   Type           Power      Damage    Failure   Level
 Foxfire                  Conj/Fire      0%         2x1d4     100%        1
 Necrotise                Necr           0%         1d4       100%        1
 Slow                     Hex            0%         N/A       100%        1
 Sting                    Tmut/Pois      0%         1d3       100%        1
 Poisonous Vapours        Pois/Air       0%         N/A       100%        2
 Static Discharge         Conj/Air       0%         3-3/arc   100%        2
 Confusing Touch          Hex            0%         N/A       100%        3
 Conjure Flame            Conj/Fire      0%         6-21      100%        3
 Inner Flame              Hex/Fire       0%         N/A       100%        3
 Vampiric Draining        Necr           0%         2d6       100%        3
 Dispel Undead            Necr           0%         3d6       100%        4
 Flame Wave               Conj/Fire      0%         2d4       100%        4
 Olgreb's Toxic Radiance  Pois           0%         N/A       100%        4
 Sticky Flame             Conj/Fire      0%         2d3       100%        4
 Agony                    Necr           0%         N/A       100%        5


Dungeon Overview and Level Annotations

Branches:
Dungeon (8/15)             Temple (1/1) D:6
   Lair: D:8-11

Altars:
Ashenzari
Cheibriados
Dithmenos
Fedhas
Gozag
Hepliaklqana
Kikubaaqudgha
Makhleb
Nemelex Xobeh
Okawaru
Qazlal
Ru
Sif Muna
Trog
Uskayaw
Vehumet
Wu Jian
Xom
Yredelemnul

Shops:
D:2 =   D:4 *   D:7 (


Innate Abilities, Weirdness & Mutations

You have sharp fingernails.
You have large cloven feet.
You have a pair of horns on your head.
You are mostly covered in sharp spines.
You are agile. (Dex +4, Str/Int -1)
You occasionally lose the ability to read scrolls when taking damage.


Message History

There is an open door, spattered with blood here.
Items here: ( )))).
You now have 793 gold pieces (gained 8).
You see here a +0 dagger.
You see here a +0 short sword.
A two-headed ogre comes into view.
It is wielding two +0 giant spiked clubs.
The two-headed ogre shouts in stereo!
A two-headed ogre is nearby!
You see here 19 gold pieces.
You puncture the two-headed ogre!
The two-headed ogre is lightly wounded.
The two-headed ogre is struck by your spines.
The two-headed ogre hits you with a +0 giant spiked club.
The two-headed ogre closely misses you.
You completely miss the two-headed ogre.
You headbutt the two-headed ogre.
The two-headed ogre is heavily wounded.
The two-headed ogre barely misses you.
The two-headed ogre hits you but does no damage.
You puncture the two-headed ogre!
You feel better.
The two-headed ogre is heavily wounded.
You hit the two-headed ogre but do no damage.
You kick the two-headed ogre, but do no damage.
You headbutt the two-headed ogre.
The two-headed ogre is severely wounded.
The two-headed ogre is struck by your spines.
The two-headed ogre closely misses you.
The two-headed ogre hits you with a +0 giant spiked club!
You barely miss the two-headed ogre.
The two-headed ogre is severely wounded.
The two-headed ogre hits you with a +0 giant spiked club!! x2
You feel threatened and lose the ability to read scrolls!
* * * LOW HITPOINT WARNING * * *
Unknown command.
You completely miss the two-headed ogre.
The two-headed ogre is severely wounded.
You block the two-headed ogre's attack.
The two-headed ogre hits you with a +0 giant spiked club!
You die...
Your body crumbles into a pile of gold.

...##'###### ...#...# ...
...#...# ... ...##### ....
.......# #########.. .......#
#......... .......# #.......#
.. '##....# #.......# ...
..#....### #...O@$.#####...
..######.#....#+###)....#
..#......+.. #...).....#
..#......# #...#)....#
..#......# #...#.....#
..'......# #...#.....#
..##...### ###.#.....#####
..##...##############.......#
..##........<.......#.......#


You could see a two-headed ogre.

Vanquished Creatures
  Pikel (D:6)
  Grinder (D:5)
  A shadow (D:6)
  2 water moccasins
  8 ice beasts
  A sky beast (D:6)
  2 black bears
  A lemure (D:6)
  A kobold brigand (D:8)
  A phantom (D:5)
  3 bullfrogs
  A gnoll sergeant (D:8)
  4 scorpions
  4 wights (D:8)
  7 killer bees (D:7)
  A howler monkey (D:5)
  An electric eel (D:7)
  2 jellies
  4 hounds
  4 orc priests
  8 orc wizards
  3 iguanas
  9 gnolls
  12 adders
  2 shadow imps
  3 white imps
  3 ufetubi
  A worm (D:4)
  2 dart slugs
  21 orcs
  5 bats
  3 endoplasms
  2 giant cockroaches (D:1)
  4 goblins
  4 hobgoblins
  3 quokkas
  6 ball pythons
  2 frilled lizards
  13 kobolds
  3 rats
159 creatures vanquished.

Vanquished Creatures (others)
  A white imp (D:7)
  A plant (D:7)
2 creatures vanquished.

Grand Total: 161 creatures vanquished

Notes
Turn   | Place    | Note
-------+----------+-------------------------------------------
     0 | D:1      | GorkyZ the Demonspawn Fighter began the quest for the Orb.
     0 | D:1      | Reached XP level 1. HP: 18/18 MP: 1/1
   220 | D:1      | Gained mutation: You are partially covered in sharp spines.
                  | [demonic ancestry]
   220 | D:1      | Reached XP level 2. HP: 16/24 MP: 2/2
   869 | D:2      | Gained mutation: You are mostly covered in sharp spines.
                  | [demonic ancestry]
   869 | D:2      | Reached XP level 3. HP: 17/29 MP: 3/3
  1464 | D:2      | Found a faded altar of an unknown god.
  1637 | D:2      | Found Lusaseab's Jewellery Emporium.
  1957 | D:3      | Reached XP level 4. HP: 10/36 MP: 4/4
  2450 | D:3      | Gained mutation: You are partially covered in large bone
                  | plates. (SH +4) [potion of mutation]
  2693 | D:4      | Discovered your monstrous ancestry.
  2693 | D:4      | Gained mutation: You have large cloven feet. [demonic
                  | ancestry]
  2693 | D:4      | Reached XP level 5. HP: 6/42 MP: 5/5
  2983 | D:4      | Found an ancient bone altar of Kikubaaqudgha.
  2987 | D:4      | Found a sacrificial altar of Ru.
  3103 | D:4      | Found Uckamape's Serpentskin Sales.
  3584 | D:4      | Reached XP level 6. HP: 45/48 MP: 6/6
  3942 | D:5      | Entered Level 5 of the Dungeon
  3956 | D:5      | Found a transporter.
  3971 | D:5      | Reached skill level 1 in Evocations
  4006 | D:5      | Reached skill level 1 in Throwing
  4162 | D:5      | Found a bloodstained altar of Trog.
  4181 | D:5      | Noticed Grinder
  4206 | D:5      | Killed Grinder
  4207 | D:5      | Gained mutation: You have a pair of small horns on your
                  | head. [demonic ancestry]
  4207 | D:5      | Reached XP level 7. HP: 22/55 MP: 7/7
  4522 | D:5      | Reached skill level 5 in Fighting
  4873 | D:5      | Reached XP level 8. HP: 62/62 MP: 8/8
  4981 | D:5      | Found a transporter.
  5111 | D:5      | HP: 2/62 [ice beast (7)]
  5113 | D:5      | Reached skill level 5 in Shields
  5809 | D:6      | Noticed Pikel
  5826 | D:6      | Killed Pikel
  5827 | D:6      | Reached skill level 5 in Armour
  5995 | D:6      | Gained mutation: You have sharp fingernails. [demonic
                  | ancestry]
  5995 | D:6      | Reached XP level 9. HP: 69/69 MP: 9/9
  6174 | D:6      | Found a staircase to the Ecumenical Temple.
  6198 | D:6      | Reached skill level 5 in Maces & Flails
  6209 | Temple   | Entered the Ecumenical Temple
  6401 | Temple   | Became a worshipper of Gozag Ym Sagoz the Greedy
  6476 | D:6      | Lost mutation: You are partially covered in large bone
                  | plates. (SH +4) [potion of mutation]
  6476 | D:6      | Gained mutation: You occasionally lose the ability to read
                  | scrolls when taking damage. [potion of mutation]
  6476 | D:6      | Gained mutation: You are agile. (Dex +4, Str/Int -1)
                  | [potion of mutation]
  6999 | D:7      | Found Plog's Hydra Hut.
  7023 | D:7      | Noticed an eight-headed hydra
  7702 | D:7      | Found a basalt altar of Yredelemnul.
  7967 | D:7      | Reached skill level 5 in Evocations
  8273 | D:8      | Found a blossoming altar of Fedhas.
  8465 | D:8      | Found a radiant altar of Vehumet.
  8589 | D:8      | Found a shimmering blue altar of Sif Muna.
  8613 | D:8      | Gained mutation: You have a pair of horns on your head.
                  | [demonic ancestry]
  8613 | D:8      | Reached XP level 10. HP: 67/77 MP: 10/10
  8906 | D:8      | Noticed a two-headed ogre
  8914 | D:8      | Mangled by a two-headed ogre

Illustrated notes

Levels and vault maps discovered:
D:1:      psy_arrival_basics, layout_loops_ring
D:2:      layout_basic, ebering_ecumenical_altar_abandoned, serial_shops,
          nicolae_shop_trees, serial_park_tiny_2, chequers_big_river,
          chequers_serial_rivers_micro_d
D:3:      layout_loops_ring, minmay_misc_feat_tower
D:4:      minmay_skewed_foursquare, layout_rooms, grunt_temple_overflow_diamond,
          grunt_decor_arrowhead, chequers_serial_rivers_marsh,
          guppyfry_shop_venom
D:5:      gammafunk_cloud_chamber, layout_basic, bloody_trog,
          mainiacjoe_overflow_concentric_impassable, roderic_lattice_a,
          uniq_grinder
D:6:      layout_basic, minmay_temple_entry_proselytizer, wad_rectangle_vault,
          uniq_pikel
D:7:      statuecave_lemuel, layout_basic, mainiacjoe_overflow_small_starburst,
          doesnt_shop_hydraphobe
D:8:      layout_gridville, mainiacjoe_overflow_tiny_flanked,
          nicolae_sif_muna_condensation, mainiacjoe_overflow_brackets,
          enter_bailey_6
Temple:   dshaligram_water_room_temple

Skill      XL: |  1  2  3  4  5  6  7  8  9 |
---------------+----------------------------+-----
Maces & Flails | 2 3 4 5 |  5.8
Armour         | 3 4 5 6 |  6.4
Shields        | 3 4 5 6 |  6.2
Fighting       | 4 5 6 |  6.9
Evocations     | 1 2 3 5 |  5.3
Throwing       | 1 2 3 4 |  4.6

Action                   |  1- 3 |  4- 6 |  7- 9 | 10-12 || total
-------------------------+-------+-------+-------+-------++-------
Melee: Flail             |    76 |     1 |       |       ||    77
       Whip              |       |   108 |    95 |       ||   203
       Kick              |       |    26 |    77 |     6 ||   109
       Headbutt          |       |       |    53 |     5 ||    58
       Morningstar       |       |       |   113 |    23 ||   136
  Use: Scroll            |     5 |     2 |     9 |       ||    16
       Potion            |       |     8 |     3 |       ||    11
 Stab: Distracted        |       |       |     2 |       ||     2
Armor: Scale mail        |    34 |    35 |    51 |       ||   120
       Plate armour      |       |       |    19 |     4 ||    23
Dodge: Dodged            |    30 |    34 |    93 |     8 ||   165
Block: Buckler           |    18 |    51 |    94 |     7 ||   170
       Reflection        |       |     1 |       |       ||     1
